 Dungeon Crawl Stone Soup version 0.29.0-11-gd7f09526c8 (webtiles) character file.

Game seed: 6913305293590364283

27 Arcadio the Caller (level 3, 0/24 HPs)
             Began as a Merfolk Summoner on Sept 4, 2022.
             Was a Follower of Vehumet.
             Slain by an orc
             ... wielding a +0 dagger
              (4 damage)
             ... on level 4 of the Dungeon.
             The game lasted 00:02:47 (1565 turns).

Arcadio the Caller (Merfolk Summoner)               Turns: 1565, Time: 00:02:48

Health: 0/24       AC:  2    Str:  8    XL:     3   Next: 10%
Magic:  0/6        EV: 13    Int: 16    God:    Vehumet [*.....]
Gold:   53         SH:  0    Dex: 14    Spells: 3/6 levels left

rFire   . . .      SeeInvis .   d - +0 dagger
rCold   . . .      Faith    .   (no shield)
rNeg    . . .      Spirit   .   a - +0 robe
rPois   .          Reflect  .   (no helmet)
rElec   .          Harm     .   (no cloak)
rCorr   .          Rampage  .   (no gloves)
Will    .....                   (no boots)
Stlth   ++........              (no amulet)
HPRegen 0.08/turn               (no ring)
MPRegen 0.10/turn               (no ring)

@: very slightly contaminated
A: (nimble swimmer 2), mertail
a: Renounce Religion


You were on level 4 of the Dungeon.
You worshipped Vehumet.
Vehumet was aware of your devotion.
You visited 1 branch of the dungeon, and saw 3 of its levels.

You collected 53 gold pieces.

Inventory:

Hand Weapons
 d - a +0 dagger (weapon)
Armour
 a - a +0 robe (worn)
 h - a +0 leather armour
Scrolls
 e - a scroll of blinking {unknown}
 f - a scroll of noise {unknown}
 i - a scroll of enchant weapon {unknown}
Potions
 b - a potion of magic
 c - a potion of attraction {unknown}
 g - a potion of ambrosia {unknown}


   Skills:
 + Level 3.3 Dodging
 - Level 2.6 Stealth
 + Level 2.3 Spellcasting
 + Level 4.2 Summonings


You had 3 spell levels left.
You knew the following spells:

 Your Spells              Type           Power      Damage    Failure   Level
a - Summon Small Mammal   Summ           60%        N/A       3%          1
b - Call Imp              Summ           15%        N/A       5%          2

Your spell library contained the following spells:

 Spells                   Type           Power      Damage    Failure   Level
 Magic Dart               Conj           4%         1d3       21%         1
 Call Canine Familiar     Summ           15%        N/A       11%         3
 Sandblast                Erth           2%         2d4       21%         1
 Summon Guardian Golem    Hex/Summ       8%         N/A       26%         3
 Summon Lightning Spire   Summ/Air       8%         N/A       63%         4


Dungeon Overview and Level Annotations

Branches:
Dungeon (2/15) Zot: 16434

Altars:
Vehumet


Innate Abilities, Weirdness & Mutations

((You are very nimble when in or above water. (Stealth+, EV+, Speed+++)))
Your lower body shifts to a powerful aquatic tail in water.


Message History

An adder comes into view.
You feel less confused.
An orc wizard appears from thin air!
Reactivating autopickup.
The adder completely misses you. The orc attacks as you move away!
The orc hits you with a +0 hand axe of holy wrath.
* * * LOW HITPOINT WARNING * * *
The adder bites you but does no damage.
Casting: Call Imp (safe; 5% risk of failure)
Confirm with . or Enter, or press ? or * to list all spells.
A beastly little devil appears in a puff of frigid air.
The adder bites you but does no damage. x2
Your white imp gestures at the orc.
The puff of frost hits the orc!
The orc dies!
Vehumet accepts your kill.
An orc comes into view. It is wielding a +0 dagger.
Your white imp misses the adder.
The adder attacks as you move away! The adder closely misses you.
The adder bites you.
* * * LOW HITPOINT WARNING * * *
The orc wizard hits your white imp with a +0 dagger.
Casting: Call Imp (safe; 5% risk of failure)
Confirm with . or Enter, or press ? or * to list all spells.
You miscast Call Imp.
You are very lightly contaminated with residual magic.
Nothing appears to happen.
The adder bites you but does no damage.
Your white imp closely misses the adder.
The orc wizard casts a spell at you. The magic dart hits your white imp.
Casting: Call Imp (safe; 5% risk of failure)
Confirm with . or Enter, or press ? or * to list all spells.
A beastly little devil appears in a puff of flame.
Your white imp disappears in a puff of smoke!
The adder misses you. The adder closely misses you.
Your crimson imp barely misses the adder.
The orc hits you with a +0 dagger.
You die...

#....#..............
#...#..#####).##.##
########.###..##.##.
#..............
#.....o........
##.###.##..#### #
###o########+
#..5So.......
#....@.......
##.###.###### ## +#


You could see an orc wizard, an adder (ally target), an orc and a friendly
crimson imp (summoned).

Vanquished Creatures
  A dart slug (D:1)
  A bat (D:1)
  An endoplasm (D:1)
  2 goblins
  2 jackals (D:1)
  3 kobolds (D:1)
  A quokka (D:1)
  2 rats (D:1)
13 creatures vanquished.

Vanquished Creatures (collateral kills)
  An orc (D:4)
  A bat (D:1)
  An endoplasm (D:1)
  A goblin (D:1)
  2 jackals (D:1)
  A kobold (D:1)
7 creatures vanquished.

Vanquished Creatures (others)
  A fungus (D:1)
  4 plants (D:1)
5 creatures vanquished.

Grand Total: 25 creatures vanquished

Notes
Turn   | Place    | Note
-------+----------+-------------------------------------------
     0 | D:1      | Arcadio the Merfolk Summoner began the quest for the Orb.
     0 | D:1      | Reached XP level 1. HP: 13/13 MP: 3/3
   371 | D:1      | Reached XP level 2. HP: 15/19 MP: 5/5
   642 | D:1      | Found a faded altar of an unknown god.
   660 | D:1      | Got Plato's Lessons on the Ground
   664 | D:1      | Learned a level 2 spell: Call Imp
   664 | D:1      | Prayed at the altar of an unknown god.
   664 | D:1      | Became a worshipper of Vehumet
   664 | D:1      | Reached * piety under Vehumet
   664 | D:1      | Offered knowledge of Magic Dart by Vehumet.
  1428 | D:1      | Reached XP level 3. HP: 24/24 MP: 6/6
  1488 | D:2      | You fall into a shaft and drop 2 floors!
  1565 | D:4      | Slain by an orc

Illustrated notes

Levels and vault maps discovered:
D:1:      minmay_arrival_four_loops, layout_loops_ring,
          shapermc_ecumenical_altar_rom_forum, minivault_23, minivault_25
D:2:      layout_loops_ring, minmay_unequal
D:4:      layout_gridville, uniq_duvessa

Skill      XL: |  1 |
---------------+----+-----
Dodging        | 3 |  3.3
Stealth        | |  2.6
Spellcasting   | |  2.3
Summonings     | |  4.2

Action                   || total
-------------------------++-------
Melee: Dagger            ||    62
       Punch             ||     2
 Cast: Summon Small Mamm ||     7
       Call Imp          ||     4
 Stab: Sleeping          ||     4
Armor: Robe              ||    17
Dodge: Dodged            ||    54
